Map: Cyber Forest LE

Players

soul

  • Race: Terran Terran
  • League: Grandmaster
  • Spawn Location: 5:00

GOStephano (Stephano) - Winner!

  • Race: Zerg Zerg
  • League: Grandmaster
  • Spawn Location: 11:00

Event: HomeStory Cup XIX

VOD

Have the link to the VOD?

Description

Time

  • Played on: June 28, 2019, 3:55 p.m.
  • Length: 10:37

All games in this series

Show
View Real Time Build Order
Export as new Build Order

soul Terran 

Build Orders: Gas First Reaper Expand, Liberator Opening 

Get SALT Encoding   

  12  0:00  SCV  
  13  0:13  SCV  
  14  0:17  Supply Depot  
  14  0:25  SCV  
  15  0:29  Refinery  
  15  0:39  SCV  
  16  0:45  Barracks  
  16  0:51  SCV  
  17  1:03  SCV  
  18  1:17  SCV  
  19  1:32  Orbital Command, Reaper  
  20  1:44  Command Center  
  20  1:54  Factory  
  20  2:00  SCV  
  21  2:10  Barracks Reactor  
  21  2:12  SCV  
  21  2:14  Supply Depot  
  22  2:18  Refinery  
  22  2:24  SCV  
  23  2:36  SCV  
  24  2:40  Hellion  
  26  2:49  Marine  
  26  2:50  Marine  
  29  2:51  SCV  
  29  2:56  Starport  
  29  3:07  SCV  
  30  3:16  Liberator  
  34  3:20  Orbital Command, Hellion x2  
  34  3:24  SCV  
  35  3:27  Barracks Tech Lab  
  38  3:36  SCV  
  43  3:41  Hellion x2  
  43  3:42  Supply Depot  
  43  3:48  SCV x2  
  46  3:49  Marine  
  46  4:00  SCV  
  46  4:03  SCV  
  46  4:06  Supply Depot, Hellion  
  46  4:07  Marine  
  50  4:11  Stimpack  
  50  4:12  SCV  
  50  4:15  SCV  
  52  4:19  Starport Reactor  
  52  4:24  SCV  
  52  4:27  SCV  
  52  4:29  Supply Depot  
  54  4:36  SCV  
  55  4:38  Command Center  
  55  4:40  SCV  
  55  4:42  Marine  
  57  4:48  SCV  
  57  4:50  Factory Reactor  
  57  4:52  SCV  
  59  4:55  Barracks  
  59  4:57  Barracks  
  59  4:59  Marine  
  59  5:00  SCV  
  59  5:04  Engineering Bay, SCV  
  59  5:05  Engineering Bay  
  51  5:12  SCV  
  50  5:15  Refinery  
  50  5:16  Refinery, SCV  
  50  5:17  Marine  
  50  5:19  Supply Depot  
  50  5:24  SCV  
  51  5:28  SCV  
  51  5:31  Supply Depot  
  51  5:35  Marine, Terran Infantry Weapons Level 1, Terran Infantry Armor Level 1  
  52  5:37  SCV  
  52  5:39  Factory Tech Lab  
  52  5:40  SCV  
  52  5:42  Marine x2  
  55  5:49  Medivac x2  
  61  5:54  Orbital Command  
  61  5:55  SCV x2  
  61  5:56  Marine  
  64  5:59  Marine x2  
  64  6:00  Marine  
  64  6:01  Marine  
  68  6:05  Siege Tank  
  68  6:09  SCV  
  72  6:11  Combat Shield  
  72  6:14  Marine  
  72  6:15  Orbital Command  
  72  6:16  SCV  
  72  6:17  Marine x2  
  76  6:21  SCV  
  76  6:24  Marine x2  
  79  6:28  SCV  
  79  6:30  Armory  
  79  6:32  Marine  
  81  6:33  SCV  
  81  6:35  Marine  
  81  6:37  Marine  
  81  6:38  Supply Depot  
  84  6:40  SCV, Supply Depot  
  84  6:41  SCV  
  84  6:42  Marine  
  84  6:44  Siege Tank, Marine  
  84  6:45  SCV  
  92  6:50  Marine  
  92  6:52  Marine  
  92  6:53  SCV x2  
  96  6:55  Marine  
  96  6:57  SCV  
  96  6:59  Marine  
  99  7:02  Marine  
  99  7:07  Marine, Medivac x2  
  100  7:08  SCV  
  100  7:09  Barracks  
  100  7:10  Barracks, Marine  
  100  7:13  Marine  
  100  7:14  Supply Depot x2  
  103  7:17  Marine  
  103  7:21  Siege Tank, Marine, SCV  
  109  7:25  Marine  
  109  7:28  Marine  
  111  7:30  SCV  
  111  7:31  Terran Infantry Weapons Level 2, Marine  
  111  7:33  Terran Infantry Armor Level 2  
  111  7:35  Marine  
  114  7:39  Marine  
  114  7:43  Marine  
  116  7:46  Marine  
  116  7:49  Marine  
  114  7:52  Command Center  
  114  7:53  Marine  
  114  7:55  Terran Vehicle And Ship Armor Level 1  
  114  7:57  Marine, Supply Depot  
  113  7:58  Supply Depot  
  113  8:00  Concussive Shells, Barracks Reactor x2  
  113  8:01  Marine  
  113  8:04  Marine  
  113  8:06  Marine  
  113  8:08  SCV  
  113  8:11  Marine  
  116  8:14  Medivac x2  
  116  8:15  Marine, SCV  
  116  8:18  Siege Tank  
  116  8:19  Marine  
  126  8:21  Marine  
  126  8:24  Marine  
  127  8:28  Marine  
  127  8:33  Marine, Refinery  
  128  8:34  Factory  
  128  8:35  Refinery, Supply Depot x2  
  128  8:36  Marine  
  128  8:38  Marine  
  128  8:39  Marine  
  128  8:41  Marine, SCV x2  
  133  8:42  Marine  
  133  8:43  Marine x2  
  133  8:44  Medivac  
  133  8:45  SCV  
  133  8:46  Marine  
  140  8:50  Medivac  
  140  8:51  Marine  
  140  8:53  SCV x2  
  140  8:54  Marine  
  146  8:56  Marine  
  146  8:57  Marine  
  146  8:59  Marine  
  146  9:00  Marine  
  146  9:01  Marine x2  
  152  9:03  SCV  
  152  9:04  Marine  
  152  9:09  Marine  
  152  9:10  SCV  
  152  9:12  Marine  
  152  9:14  Siege Tank, Marine  
  152  9:15  Marine  
  152  9:16  Marine, SCV  
  158  9:18  Marine  
  158  9:19  Marine x2  
  158  9:20  SCV  
  158  9:22  Marine  
  158  9:26  Marine  
  158  9:30  Factory Tech Lab, Marine  
  126  9:32  Marine  
  126  9:33  Marine  
  126  9:34  Marine  
  126  9:36  Marine x3  
  131  9:40  Marine  
  131  9:44  Marine  
  112  9:46  Siege Tank  
  112  9:48  Marine  
  112  9:50  Marine  
  112  9:51  Marine  
  112  9:52  Marine  
  114  9:53  Marine  
  114  9:54  Marine x2  
  114  9:57  Marine  
  114  9:58  Siege Tank  
  117  10:02  Marine  
  117  10:04  SCV x3  
  117  10:05  Marine  
  117  10:07  Marine  
  117  10:08  Marine  
  117  10:10  Marine  
  117  10:11  Marine  
  117  10:12  Marine x2  
  123  10:15  Marine  
  123  10:16  SCV x3  
Show
View Real Time Build Order
Export as new Build Order

GOStephano Zerg - Winner!

Build Orders: Pool First 

Get SALT Encoding   

  12  0:00  Drone  
  13  0:12  Overlord  
  13  0:17  Drone  
  14  0:30  Drone x2  
  16  0:41  Spawning Pool  
  15  0:45  Drone  
  15  0:48  Drone  
  17  1:08  Hatchery  
  16  1:12  Drone  
  17  1:26  Extractor  
  17  1:28  Zergling x6  
  17  1:32  Queen  
  19  1:39  Overlord  
  21  1:50  Drone  
  22  2:00  Drone  
  23  2:08  Queen  
  23  2:13  Drone  
  26  2:26  Drone x2  
  28  2:35  Drone x2  
  29  2:40  Queen  
  29  2:42  Drone x3  
  33  2:45  Drone  
  33  2:51  Drone  
  33  2:52  Metabolic Boost  
  33  2:58  Overlord  
  34  3:06  Hatchery  
  33  3:13  Zergling x4  
  33  3:14  Zergling x2  
  36  3:20  Overlord  
  36  3:21  Queen  
  36  3:24  Drone  
  36  3:26  Drone  
  40  3:30  Drone  
  40  3:32  Drone x2  
  43  3:39  Drone x2  
  46  3:41  Drone x2  
  47  3:48  Drone x2  
  47  3:54  Queen, Overlord  
  51  3:57  Overlord  
  51  4:04  Overlord  
  51  4:10  Overlord  
  51  4:11  Baneling Nest  
  51  4:15  Overlord  
  50  4:20  Drone x2, Overlord  
  52  4:25  Drone x2  
  52  4:26  Drone x2  
  56  4:35  Queen  
  56  4:37  Drone x5  
  63  4:40  Evolution Chamber  
  63  4:42  Drone x2  
  63  4:46  Zergling x4  
  64  5:04  Drone x5  
  62  5:08  Drone x4  
  62  5:11  Lair  
  62  5:13  Drone  
  66  5:17  Spore Crawler  
  66  5:20  Drone x2, Spore Crawler  
  66  5:27  Evolution Chamber, Extractor  
  64  5:28  Extractor, Evolution Chamber  
  64  5:30  Drone x3  
  64  5:35  Drone  
  66  5:45  Overlord  
  66  5:47  Drone x3  
  66  5:48  Drone x6  
  75  5:52  Extractor  
  75  5:53  Hatchery  
  75  5:55  Zerg Ground Armor Level 1  
  75  5:56  Extractor, Zerg Melee Weapons Level 1  
  72  6:03  Overlord  
  72  6:05  Drone  
  72  6:08  Overlord  
  73  6:12  Drone x4  
  73  6:13  Drone  
  73  6:14  Drone x3  
  73  6:17  Centrifical Hooks  
  81  6:21  Zergling x8  
  86  6:32  Zergling x2  
  86  6:33  Baneling x7, Zergling x8  
  90  6:40  Zergling x12  
  90  6:46  Baneling x4  
  96  6:49  Zergling x8  
  99  7:03  Drone x6  
  105  7:09  Infestation Pit  
  105  7:10  Drone x8  
  112  7:21  Zergling x8  
  116  7:26  Zergling x6  
  119  7:31  Baneling x5  
  119  7:33  Overlord  
  119  7:36  Zergling x2  
  119  7:37  Zergling x12  
  121  7:49  Zergling x14  
  125  7:51  Zerg Ground Armor Level 2, Zerg Melee Weapons Level 2  
  125  7:57  Baneling  
  123  7:59  Overlord  
  123  8:02  Hive  
  123  8:04  Overlord  
  123  8:05  Zergling x16  
  125  8:09  Hatchery  
  128  8:14  Zergling x2  
  128  8:15  Baneling x10, Zergling x10  
  134  8:20  Zergling x8  
  133  8:27  Zergling x6  
  133  8:32  Zergling x14  
  142  8:36  Baneling x13  
  142  8:39  Zergling x2  
  142  8:40  Zergling x8  
  147  8:48  Burrow  
  147  8:49  Pneumatized Carapace  
  147  8:50  Zergling x10  
  147  8:51  Overlord x2  
  152  9:04  Hatchery  
  150  9:12  Zergling x26  
  146  9:26  Zergling x14  
  136  9:32  Zergling x8  
  136  9:42  Zergling x12  
  133  9:45  Zergling x2  
  133  9:46  Zergling x8  
  121  9:53  Zergling x4  
  121  9:57  Zergling x4  
  118  10:02  Baneling x13  
  118  10:05  Zergling x16  
  116  10:12  Zergling x6  
  119  10:18  Zergling x10  
Tags
 
Add a new tag
Caveats
  • Supply blocks, unpowered buildings, or Contaminate may cause inaccurate times.
  • Supply counts are checked every 10 seconds.